 Dungeon Crawl Stone Soup version 0.16.2-2-g470672f (webtiles) character file.

136 monobi the Ducker (level 4, -16/34 HPs)
             Began as a Demonspawn Gladiator on Sept 3, 2015.
             Killed from afar by Ijyb (18 damage)
             ... with a wand of lightning
             ... on level 3 of the Dungeon.
             The game lasted 00:05:25 (3272 turns).

monobi the Ducker (Demonspawn Gladiator)            Turns: 3272, Time: 00:05:25

Health: -16/34     AC:  3    Str: 17    XL:     4   Next: 98%
Magic:  4/4        EV: 13    Int:  9    God:
Gold:   80         SH:  0    Dex: 13    Spells: 0 memorised, 3 levels left

rFire  . . .     SeeInvis .     a - +0 war axe
rCold  . . .     Clarity  .     b - +0 leather armour
rNeg   . . .     SustAb   +     (no shield)
rPois  .         Gourm    .     (helmet restricted)
rElec  .         Spirit   .     (no cloak)
rCorr  .         Warding  .     (no gloves)
rMut   .         Stasis   .     (no boots)
MR     .....                    (no amulet)
Stlth  ++........               g - ring of stealth
                                f - ring of sustain abilities

@: not resistant to hostile enchantments, unstealthy
A: antennae 2, powered by pain 1
a: no special abilities


You were on level 3 of the Dungeon.
You were not hungry.

You visited 1 branch of the dungeon, and saw 3 of its levels.

You collected 80 gold pieces.

Inventory:

Hand weapons
 a - a +0 war axe (weapon)
Missiles
 d - 3 throwing nets (quivered)
 n - 7 needles of slowing
Armour
 b - a +0 leather armour (worn)
 c - a +0 helmet
Jewellery
 f - a ring of sustain abilities (left hand)
 g - a ring of stealth (right hand)
Scrolls
 i - 5 scrolls of identify {unknown}
 o - a scroll of enchant weapon {unknown}
Potions
 e - 2 potions of agility {unknown}
 h - a potion of curing {unknown}
 j - a potion of heal wounds {unknown}
 k - a potion of might {unknown}
Comestibles
 l - a slice of pizza
 m - 4 chunks of flesh


   Skills:
 + Level 2.3 Fighting
 * Level 3.8 Axes
 - Level 1.9 Throwing
 - Level 0.8 Armour
 * Level 3.8 Dodging
 * Level 0.8 Stealth


You had 3 spell levels left.
You didn't know any spells.

Dungeon Overview and Level Annotations

Branches:
Dungeon (3/15)

Altars:
Ashenzari
Fedhas
Trog
Vehumet

Annotations:
D:3 Ijyb


Innate Abilities, Weirdness & Mutations

You have a pair of antennae on your head.
You sometimes gain a little power by taking damage.


Message History

Butcher a jackal corpse? [(y)es/(c)hop/(n)o/(a)ll/(q)uit/?]
You butcher the jackal corpse.
You butcher the hobgoblin corpse.
m - 2 chunks of flesh;
m - 4 chunks of flesh (gained 2)
Things that are here:
a club; a jackal skeleton
Found a stone staircase leading down.
Ijyb the Twisted Goblin comes into view.
He is wielding a club.
Ijyb hits you with a club.
You closely miss Ijyb.
Ijyb zaps a wand.
The bolt of lightning hits you!
It is a wand of lightning.
Ijyb barely misses you.
You hit Ijyb.
Ijyb is lightly wounded.
Ijyb zaps a wand.
The bolt of lightning hits you!
* * * LOW HITPOINT WARNING * * *
Your leather armour prevents you from hitting Ijyb.
Ijyb is lightly wounded.
Ijyb zaps a wand.
The bolt of lightning hits you!
Ouch! That really hurt!
You die...

#.# #.#..#.#
##.#####.####.#
#........#....#
##########.####.####
#.#.........#
#.###.......# #.#
#>........(. .....
#.g......... ...
#@###########.#
#.............#
##########....#
#....# #....####
#.†...... #)..####.
#........
###########...###..


You could see Ijyb.

Vanquished Creatures
  5 adders
  3 worms
  3 oozes (D:2)
  A ball python (D:2)
  7 goblins
  10 hobgoblins
  14 jackals
  6 kobolds
  7 bats
  2 giant newts (D:2)
  A quokka (D:2)
  6 rats
65 creatures vanquished.

Notes
Turn   | Place    | Note
--------------------------------------------------------------
     0 | D:1      | monobi, the Demonspawn Gladiator, began the quest for the Orb.
     0 | D:1      | Reached XP level 1. HP: 16/16 MP: 1/1
   142 | D:1      | Gained mutation: You have a pair of small antennae on your head. [demonic ancestry]
   142 | D:1      | Reached XP level 2. HP: 19/22 MP: 2/2
   146 | D:1      | Reached skill level 3 in Axes
   733 | D:1      | Gained mutation: You sometimes gain a little power by taking damage. [demonic ancestry]
   733 | D:1      | Reached XP level 3. HP: 27/27 MP: 3/3
   847 | D:2      | Found a blossoming altar of Fedhas.
   847 | D:2      | Found a radiant altar of Vehumet.
   848 | D:2      | Found a shattered altar of Ashenzari.
  1279 | D:2      | Found a bloodstained altar of Trog.
  2060 | D:2      | Gained mutation: You have a pair of antennae on your head. [demonic ancestry]
  2060 | D:2      | Reached XP level 4. HP: 29/34 MP: 4/4
  3269 | D:3      | Noticed Ijyb
  3272 | D:3      | Killed from afar by Ijyb

Action                   |  1- 3 |  4- 6 || total
-------------------------+-------+-------++-------
Melee: War axe           |   113 |    83 ||   196
 Stab: Sleeping          |       |     2 ||     2
  Eat: Bread ration      |     1 |     1 ||     2
